 Dungeon Crawl Stone Soup version 0.30-a0-937-ga0a21ad780 (webtiles) character file.

Game seed: 12116707952642580205

218 shadizar the Trooper (level 5, -4/34 HPs)
             Began as a Gargoyle Fighter on Mar 24, 2023.
             Slain by Edmund
             ... wielding a +4 flail of protection
              (8 damage)
             ... on level 5 of the Dungeon.
             The game lasted 00:02:46 (2605 turns).

shadizar the Trooper (Gargoyle Fighter)             Turns: 2605, Time: 00:02:46

Health: -4/34      AC: 12    Str: 22    XL:     5   Next: 95%
Magic:  5/5        EV:  9    Int:  8    God:
Gold:   158        SH:  4    Dex:  9    Spells: 4/4 levels left

rFire   . . .      SeeInvis .    a - +0 war axe
rCold   + . .      Faith    .    c - +0 buckler
rNeg    + . .      Spirit   .    b - +0 scale mail
rPois   ∞          Reflect  .    (no helmet)
rElec   +          Rampage  .    (no cloak)
rCorr   .                        o - +0 pair of gloves
Will    .....                    (no boots) Stlth
                                 (no amulet)
HPRegen 0.25/turn                q - ring of protection from cold
MPRegen 0.09/turn                (no ring)

@: mighty
A: sickness immunity, AC +4, negative energy resistance 1, electricity
resistance, torment resistance 1, petrification resistance
a: no special abilities


You were on level 5 of the Dungeon.
You visited 1 branch of the dungeon, and saw 5 of its levels.

You collected 158 gold pieces.

Inventory:

Hand Weapons
 a - a +0 war axe (weapon)
 h - a +1 spear of venom
Armour
 b - a +0 scale mail (worn)
 c - a +0 buckler (worn)
 o - a +0 pair of gloves (worn)
Jewellery
 q - a ring of protection from cold (left hand)
Wands
 r - a wand of flame (11)
Scrolls
 f - 3 scrolls of identify {unknown}
 l - 3 scrolls of teleportation {unknown}
 p - 2 scrolls of amnesia {unknown}
 s - a scroll of noise {unknown}
Potions
 e - 2 potions of attraction {unknown}
 g - 2 potions of brilliance {unknown}
 i - 2 potions of invisibility {unknown}
 j - a potion of heal wounds
 k - 2 potions of haste {unknown}
 m - a potion of berserk rage {unknown}
 n - a potion of mutation {unknown}


   Skills:
 * Level 4.9 Fighting
 + Level 2.7 Axes
 + Level 4.1 Armour
 + Level 1.5 Dodging
 + Level 4.0 Shields


You had 4 spell levels left.
You didn't know any spells.
Your spell library contained the following spells:

 Spells                   Type           Power      Damage    Failure   Level
 Ensorcelled Hibernation  Hex/Ice        0%         N/A       91%         2
 Passwall                 Tmut/Erth      0%         N/A       91%         2
 Scorch                   Fire           0%         2d5       91%         2
 Kindle Blastsparks       Fire/Tloc/Air  0%         2d10      99%         3
 Swiftness                Air            0%         N/A       99%         3
 Flame Wave               Conj/Fire      0%         2d4       100%        4
 Fulminant Prism          Conj/Hex       0%         3d5       100%        4
 Iskenderun's Mystic Bla  Conj/Tloc      0%         2d3       100%        4
 Lee's Rapid Deconstruct  Erth           0%         3d4*      100%        5
 Summon Cactus Giant      Summ           0%         N/A       100%        6


Dungeon Overview and Level Annotations

Branches:
Dungeon (5/15)
 Temple: D:4-7

Altars:
Trog
Vehumet

Annotations:
D:3 Sigmund
D:5 Edmund


Innate Abilities, Weirdness & Mutations

You are immune to sickness and miasma.
Your stone body is resilient. (AC +4)
You are immune to poison.
You resist negative energy. (rN+)
You are resistant to electric shocks. (rElec)
You are resistant to unholy torment.
You are immune to petrification.


Message History

Edmund is moderately wounded.
Edmund says, "You wouldn't believe how much I paid for this flail."
You block Edmund's attack.
You barely miss Edmund.
Edmund is moderately wounded.
Edmund hits you with a +4 flail of protection!
Edmund hits you but does no damage.
You are too injured to fight recklessly!
You barely miss Edmund.
Edmund is moderately wounded.
Edmund hits you with a +4 flail of protection.
You hit Edmund but do no damage.
Edmund is moderately wounded.
Edmund hits you with a +4 flail of protection.
Edmund closely misses you.
You feel very mighty all of a sudden.
Edmund hits you with a +4 flail of protection.
* * * LOW HITPOINT WARNING * * *
You slash Edmund!
Edmund is heavily wounded.
Edmund hits you with a +4 flail of protection.
* * * LOW HITPOINT WARNING * * *
You hit Edmund.
Edmund is heavily wounded.
Edmund grinds his teeth, and then sighs.
Edmund barely misses you.
Edmund drinks a potion.
Edmund is healed!
You hit Edmund.
Edmund is lightly wounded.
Edmund hits you with a +4 flail of protection.
* * * LOW HITPOINT WARNING * * *
You closely miss Edmund.
Edmund is lightly wounded.
Edmund closely misses you.
You hit Edmund but do no damage.
Edmund is lightly wounded.
Edmund hits you but does no damage. Edmund barely misses you.
You hit Edmund.
Edmund is moderately wounded.
Edmund hits you with a +4 flail of protection!
You die...

.........## .
..........##.
(............. ...
........# ..?. ......#
.....##...#############
.......†@###..........#
.......@..............#
####..................#
#........###..........#
########## #...<..)...#
#..........#
############


You could see Edmund.

Vanquished Creatures
  An ogre (D:4)
  A hound (D:5)
  3 adders
  6 dart slugs
  3 orcs
  5 endoplasms
  A giant cockroach (D:4)
  5 goblins
  5 hobgoblins
  4 jackals (D:1)
  5 quokkas
  4 ball pythons
  A bat (D:1)
  5 frilled lizards
  7 kobolds
  5 rats
61 creatures vanquished.

Notes
Turn   | Place    | Note
-------+----------+-------------------------------------------
     0 | D:1      | shadizar the Gargoyle Fighter began the quest for the Orb.
     0 | D:1      | Reached XP level 1. HP: 14/14 MP: 1/1
   110 | D:1      | Reached XP level 2. HP: 14/19 MP: 2/2
   431 | D:1      | Reached XP level 3. HP: 19/24 MP: 3/3
   839 | D:2      | Found a faded altar of an unknown god.
  1429 | D:3      | Reached XP level 4. HP: 25/29 MP: 4/4
  1454 | D:3      | Reached skill level 1 in Dodging
  1612 | D:3      | Found a bloodstained altar of Trog.
  1618 | D:3      | Found a radiant altar of Vehumet.
  1672 | D:3      | Noticed Sigmund
  1812 | D:4      | Noticed an ogre
  1823 | D:4      | Killed an ogre
  1824 | D:4      | Reached XP level 5. HP: 20/34 MP: 5/5
  2567 | D:5      | Entered Level 5 of the Dungeon
  2585 | D:5      | Noticed Edmund
  2605 | D:5      | Slain by Edmund

Illustrated notes

Levels and vault maps discovered:
D:1:      lemuel_arrival_room, layout_basic, palyth_stone_intersect
D:2:      layout_basic, shapermc_ecumenical_altar_starsandcircs
D:3:      layout_basic, minitemple, uniq_sigmund
D:4:      wander_river, layout_loops_ring
D:5:      layout_rooms, gup_sewer_entry_bowl, uniq_edmund

Skill      XL: |  1  2  3  4  5 |
---------------+----------------+-----
Axes           | 2 |  2.7
Fighting       | 4 |  4.9
Dodging        | 1 |  1.5
Armour         | 4 |  4.1
Shields        | 4 |  4.0

Action                     |  1- 3 |  4- 6 || total
---------------------------+-------+-------++-------
  Melee: War axe           |    97 |    86 ||   183
    Use: Potion            |       |     1 ||     1
 Armour: Scale mail        |    47 |    55 ||   102
  Dodge: Dodged            |    43 |    65 ||   108
  Block: Buckler           |    18 |    26 ||    44

Table legend: (Time is in decaauts)
 A = Elapsed time spent in this place.
 B = Non-inter-level travel time spent in this place.
 C = Inter-level travel time spent in this place.
 D = Time resting spent in this place.
 E = Time spent auto-exploring this place.
 F = Levels seen in this place.
 G = Mean time per level.
                   A        B        C        D        E       F      G
               +--------+--------+--------+--------+--------+-----+--------+
         Total |   2710 |   2641 |     69 |      0 |   2114 |   5 |  542.0 |
       Dungeon |   2710 |   2641 |     69 |      0 |   2114 |   5 |  542.0 |
               +--------+--------+--------+--------+--------+-----+--------+

Top non-repeatable levels by time:
     D:4: 910 daAuts
     D:1: 839 daAuts
     D:2: 612 daAuts
     D:3: 302 daAuts
     D:5: 46 daAuts
